 Dungeon Crawl Stone Soup version 0.19.5 (webtiles) character file.

89 McKennaii the Firebug (level 4, -8/24 HPs)
             Began as a Deep Elf Fire Elementalist on May 7, 2017.
             Shot with an arrow by a centaur (10 damage)
             ... on level 3 of the Dungeon.
             The game lasted 00:02:31 (1527 turns).

McKennaii the Firebug (Deep Elf Fire Elementalist)  Turns: 1527, Time: 00:02:31

Health: -8/24      AC:  2    Str:  5    XL:     4   Next: 31%
Magic:  4/12       EV: 13    Int: 21    God:
Gold:   145        SH:  0    Dex: 15    Spells: 3 memorised, 5 levels left

rFire  . . .     SeeInvis .     (no weapon)
rCold  . . .     Gourm    .     a - +0 robe
rNeg   . . .     Faith    .     (no shield)
rPois  .         Spirit   .     (no helmet)
rElec  .         Reflect  .     (no cloak)
rCorr  .         Harm     .     (no gloves)
MR     .....                    (no boots)
Stlth  ++........               (no amulet)
                                (no ring)
                                (no ring)

@: no status effects
A: no striking features
a: no special abilities


You were on level 3 of the Dungeon.
You were not hungry.

You visited 1 branch of the dungeon, and saw 3 of its levels.

You collected 145 gold pieces.

Inventory:

Armour
 a - a +0 robe (worn)
Wands
 u - a wand of flame (19/48)
Scrolls
 i - 2 scrolls of remove curse {unknown}
 k - a scroll of identify {unknown}
 o - 3 scrolls of teleportation {unknown}
 p - 2 scrolls of enchant weapon {unknown}
 q - 3 scrolls of immolation {unknown}
 s - a scroll of magic mapping {unknown}
Potions
 d - a potion of curing {unknown}
 e - a potion of experience {unknown}
 f - a potion of heal wounds {unknown}
 g - 2 potions of agility {unknown}
 m - a potion of mutation {unknown}
 r - a potion of resistance {unknown}
 t - 2 potions of haste {unknown}
Books
 b - a book of Flames

   Spells                             Type                      Level
   a - Flame Tongue                   Conjuration/Fire             1
   b - Throw Flame                    Conjuration/Fire             2
   c - Conjure Flame                  Conjuration/Fire             3
   d - Inner Flame                    Hexes/Fire                   3
   e - Sticky Flame                   Conjuration/Fire             4
   f - Fireball                       Conjuration/Fire             5
Comestibles
 c - 3 bread rations
 h - 9 fruits
 j - 3 meat rations
 l - a beef jerky


   Skills:
 + Level 2.8 Dodging
 + Level 2.7 Stealth
 + Level 4.1 Spellcasting
 + Level 2.4 Conjurations
 + Level 4.2 Fire Magic


You had 5 spell levels left.
You knew the following spells:

 Your Spells              Type           Power        Failure   Level  Hunger
a - Flame Tongue          Conj/Fire      ###..        3%          1    None
b - Throw Flame           Conj/Fire      ###...       6%          2    #......
c - Conjure Flame         Conj/Fire      ###.....     12%         3    ###....


Dungeon Overview and Level Annotations

Branches:
Dungeon (3/15)

Altars:


Message History

The centaur shoots an arrow.
The arrow misses you.
Casting: Flame Tongue
Confirm with . or Enter, or press ? or * to list all spells.
Aiming: Flame Tongue
Press: ? - help, Shift-Dir - straight line, f/p - centaur
Aim: a centaur, wielding a shortbow (moderately wounded)
The flame tongue hits the centaur.
The centaur is moderately wounded.
The centaur shoots an arrow.
The arrow barely misses you.
Casting: Flame Tongue
Confirm with . or Enter, or press ? or * to list all spells.
Aiming: Flame Tongue
Press: ? - help, Shift-Dir - straight line, f/p - centaur
Aim: a centaur, wielding a shortbow (moderately wounded)
The flame tongue misses the centaur.
The centaur shoots an arrow.
The arrow hits you!
Ouch! That really hurt!
* * * LOW HITPOINT WARNING * * *
The centaur shoots an arrow.
The arrow hits you!
You die...

...... ..... ### .... ..
... ###. c. ..) ... #.
######... ..
######.#####.......# #.
.....!.@........#.# #.
######.#####.##.#.#####.
#.#####............
#............#####.
#######..#...#.....
######..#...#.###.
............>...#.
#...........#.#.##
#.####.##..<#.#...


You could see a centaur.

Vanquished Creatures
  5 adders
  A gnoll (D:1)
  3 leopard geckos
  7 bats
  3 giant cockroaches
  3 goblins
  2 hobgoblins (D:2)
  A kobold (D:2)
  3 frilled lizards
  6 rats
34 creatures vanquished.

Notes
Turn   | Place    | Note
-------+----------+-------------------------------------------
     0 | D:1      | McKennaii the Deep Elf Fire Elementalist began the quest for the Orb.
     0 | D:1      | Reached XP level 1. HP: 10/10 MP: 6/6
   182 | D:1      | Reached XP level 2. HP: 14/15 MP: 4/8
   580 | D:2      | Reached XP level 3. HP: 19/19 MP: 5/9
   584 | D:2      | Learned a level 2 spell: Throw Flame
   588 | D:2      | Learned a level 3 spell: Conjure Flame
  1326 | D:3      | Reached XP level 4. HP: 11/24 MP: 4/11
  1522 | D:3      | Noticed a centaur
  1527 | D:3      | Shot with an arrow by a centaur

Skill      XL: |  1  2  3  4 |
---------------+-------------+-----
Fire Magic     | 4 |  4.2
Conjurations   | 2 |  2.4
Spellcasting   | 4 |  4.1
Dodging        | |  2.8
Stealth        | |  2.7

Action                   |  1- 3 |  4- 6 || total
-------------------------+-------+-------++-------
 Cast: Flame Tongue      |    55 |     4 ||    59
       Throw Flame       |       |     9 ||     9
  Eat: Chunk             |     1 |     1 ||     2
Armor: Robe              |     3 |       ||     3
Dodge: Dodged            |    27 |     4 ||    31
